 Dungeon Crawl Stone Soup version 0.31-a0-986-g5e6e4ef867 (webtiles) character file.

Game seed: 14377830162931450785

91 wingedge the Gusty (level 4, -22/33 HPs)
             Began as a Demigod Air Elementalist on Nov 16, 2023.
             Annihilated by an ogre
             ... wielding a +0 giant spiked club
              (25 damage)
             ... on level 3 of the Dungeon on Nov 17, 2023.
             The game lasted 00:06:47 (2934 turns).

wingedge the Gusty (Demigod Air Elementalist)       Turns: 2934, Time: 00:06:48

Health: -22/33     AC:  2    Str:  9    XL:     4   Next: 11%
Magic:  2/10       EV: 12    Int: 21    God:
Gold:   96         SH:  0    Dex: 14    Spells: 6/7 levels left

rFire   . . .        k - +0 dagger
rCold   . . .        (no shield)
rNeg    . . .        a - +0 robe
rPois   .            (no helmet)
rElec   .            (no cloak)
rCorr   .            (no gloves)
SInv    .            (no boots)
Will    .....        (no amulet)
Stlth   ++           (no ring)
HPRegen 0.25/turn    (no ring)
MPRegen 0.12/turn

%: no passive effects
@: very slightly contaminated
A: high MP 1, forlorn, divine attributes
a: no special abilities


You were on level 3 of the Dungeon.
You visited 1 branch of the dungeon, and saw 3 of its levels.

You collected 96 gold pieces.

Inventory:

Hand Weapons
 k - a +0 dagger (weapon)
Armour
 a - a +0 robe (worn)
Scrolls
 d - 3 scrolls of identify {unknown}
 e - a scroll of enchant armour {unknown}
 g - a scroll of immolation {unknown}
Potions
 b - a potion of magic
 c - 3 potions of resistance {unknown}
 f - a potion of berserk rage {unknown}
 h - 2 potions of haste {unknown}
 i - a potion of cancellation {unknown}
 j - a potion of invisibility {unknown}
 l - a potion of curing {unknown}


   Skills:
 - Level 2.0 Dodging
 - Level 2.0 Stealth
 + Level 2.3 Spellcasting
 - Level 3.0 Conjurations
 - Level 3.0 Air Magic


You had 6 spell levels left.
You knew the following spells:

 Your Spells              Type           Power      Damage    Failure   Level
a - Shock                 Conj/Air       60%        1d6       4%          1

Your spell library contained the following spells:

 Spells                   Type           Power      Damage    Failure   Level
 Static Discharge         Conj/Air       30%        3-5/arc   6%          2
 Swiftness                Air            15%        N/A       12%         3
 Freeze                   Ice            8%         1d3       14%         1
 Hailstorm                Conj/Ice       8%         3d4       22%         3
 Frozen Ramparts          Ice            4%         1d1       38%         3
 Airstrike                Air            7%         2d(2-18)  38%         4


Dungeon Overview and Level Annotations

Branches:
Dungeon (3/15)


Innate Abilities, Weirdness & Mutations

You have an increased reservoir of magic. (+10% MP)
You shall have no god before yourself.
Your divine heritage dramatically boosts your attributes as you level up.


Message History

Okay, then.
Casting: Shock (safe; 4% risk of failure)
Confirm with . or Enter, or press ? or * to list all spells.
Aiming: Shock (safe; 4% risk of failure)
Press: ? - help, Shift-Dir - straight line, f/p - ogre
Aim: an ogre, wielding a +0 giant spiked club (severely wounded, 86% to hit)
Okay, then.
Casting: Shock (safe; 4% risk of failure)
Confirm with . or Enter, or press ? or * to list all spells.
Aiming: Shock (safe; 4% risk of failure)
Press: ? - help, Shift-Dir - straight line, f/p - ogre
Aim: an ogre, wielding a +0 giant spiked club (severely wounded, 86% to hit)
Okay, then.
Unknown command.
Casting: Shock (safe; 4% risk of failure)
Confirm with . or Enter, or press ? or * to list all spells.
Aiming: Shock (safe; 4% risk of failure)
Press: ? - help, Shift-Dir - straight line, f/p - ogre
Aim: an ogre, wielding a +0 giant spiked club (severely wounded, 86% to hit)
Okay, then.
The ogre hits you with a +0 giant spiked club!!
Ouch! That really hurt!
* * * LOW HITPOINT WARNING * * *
Casting: Shock (safe; 4% risk of failure)
Confirm with . or Enter, or press ? or * to list all spells.
Aiming: Shock (safe; 4% risk of failure)
Press: ? - help, Shift-Dir - straight line, f/p - ogre
Aim: an ogre, wielding a +0 giant spiked club (severely wounded, 86% to hit)
The zap hits the ogre.
The ogre is almost dead.
Casting: Shock (safe; 4% risk of failure)
Confirm with . or Enter, or press ? or * to list all spells.
Aiming: Shock (safe; 4% risk of failure)
Press: ? - help, Shift-Dir - straight line, f/p - ogre
Aim: an ogre, wielding a +0 giant spiked club (almost dead, 86% to hit)
The zap hits the ogre.
The ogre is almost dead.
The ogre hits you with a +0 giant spiked club!!
Ouch! That really hurt!
You die...

#.####...##.....#.#.#
#.##>..#.##.....#...#
#.##.#...##.....###.#
#.##.>#.#####.###
#.#####
#....#........#
#.....#
##.......#######
#####.# #.......# ...
#.# #.#..#..###.##
#.# #.#.....@....#
##.####.#
#.#......O...#
........###
#.####..##...#
##.####.... #.......#
!.....# #....
#......## #......
#.... ######## #.####
#.... .# ##.... ..
#....# .# #.#..#


You could see an ogre.

Vanquished Creatures
  2 adders
  A worm (D:2)
  3 dart slugs
  4 bats
  7 endoplasms
  4 giant cockroaches
  2 goblins
  4 hobgoblins
  5 quokkas
  10 ball pythons
  10 frilled lizards
  3 kobolds
  8 rats
63 creatures vanquished.

Notes
Turn   | Place    | Note
-------+----------+-------------------------------------------
     0 | D:1      | wingedge the Demigod Air Elementalist began the quest for
                  | the Orb.
     0 | D:1      | Reached XP level 1. HP: 14/14 MP: 5/5
   167 | D:1      | Reached skill level 1 in Conjurations
   320 | D:1      | Reached XP level 2. HP: 20/20 MP: 0/7
  1298 | D:2      | Reached XP level 3. HP: 26/26 MP: 5/8
  2711 | D:3      | Reached XP level 4. HP: 27/33 MP: 3/10
  2924 | D:3      | Noticed an ogre
  2934 | D:3      | Annihilated by an ogre

Illustrated notes

Levels and vault maps discovered:
D:1:      scummos_arrival_forest, layout_basic,
          nicolae_ecumenical_snake_handling
D:2:      minmay_diamond_boxcup, layout_basic, minmay_lizard_king
D:3:      layout_loops_cross, uniq_terence

Skill      XL: |  1  2  3 |
---------------+----------+-----
Conjurations   | 1 2 3 |  3.0
Stealth        | 2 |  2.0
Dodging        | 2 |  2.0
Spellcasting   | 2 |  2.3
Air Magic      | 3 |  3.0

Action                     |  1- 3 |  4- 6 || total
---------------------------+-------+-------++-------
  Melee: Unarmed           |    16 |       ||    16
   Cast: Shock             |   108 |    13 ||   121
 Armour: Robe              |    18 |     3 ||    21
  Dodge: Dodged            |    24 |       ||    24

Table legend: (Time is in decaauts)
 A = Elapsed time spent in this place.
 B = Non-inter-level travel time spent in this place.
 C = Inter-level travel time spent in this place.
 D = Time resting spent in this place.
 E = Time spent auto-exploring this place.
 F = Levels seen in this place.
 G = Mean time per level.
                   A        B        C        D        E       F      G
               +--------+--------+--------+--------+--------+-----+--------+
         Total |   2932 |   2904 |     28 |    635 |   1829 |   3 |  977.3 |
       Dungeon |   2932 |   2904 |     28 |    635 |   1829 |   3 |  977.3 |
               +--------+--------+--------+--------+--------+-----+--------+

Top non-repeatable levels by time:
     D:2: 1420 daAuts
     D:1: 1238 daAuts
     D:3: 274 daAuts
